 Dungeon Crawl Stone Soup version 0.28-a0-535-g6f645e4c1d (webtiles) character file.

Game seed: 17107657518156356086

251 Shayle the Grasshopper (level 5, -2/41 HPs)
             Began as a Demonspawn Warper on Sept 27, 2021.
             Slain by an ogre (26 damage)
             ... on level 3 of the Dungeon.
             The game lasted 00:08:19 (3777 turns).

Shayle the Grasshopper (Demonspawn Warper)          Turns: 3777, Time: 00:08:19

Health: -2/41      AC: 10    Str: 12    XL:     5   Next: 88%
Magic:  9/9        EV: 16    Int: 17    God:
Gold:   151        SH:  0    Dex: 12    Spells: 4/9 levels left

rFire   + . .      SeeInvis .   a - +0 spear
rCold   . . .      Faith    .   (no shield)
rNeg    . . .      Spirit   .   j - +3 leather armour {rF+}
rPois   .          Reflect  .   i - +0 helmet
rElec   .          Harm     .   f - +0 cloak
rCorr   .          Rampage  .   h - +1 pair of gloves
Will    .....                   (no boots)
Stlth   +.........              (no amulet)
HPRegen 0.13/turn               p - +4 ring of evasion
MPRegen 0.11/turn               (no ring)

@: no status effects
A: talons 1, demonic guardian 1, big brain 1
a: no special abilities


You were on level 3 of the Dungeon.
You visited 1 branch of the dungeon, and saw 5 of its levels.

You collected 151 gold pieces.

Inventory:

Hand Weapons
 a - a +0 spear (weapon)
Missiles
 d - 5 boomerangs of dispersal (quivered)
 g - 3 javelins
 l - 5 boomerangs
Armour
 f - a +0 cloak (worn)
 h - a +1 pair of gloves (worn)
 i - a +0 helmet (worn)
 j - a +3 leather armour of fire resistance (worn)
Jewellery
 p - a +4 ring of evasion (left hand)
Scrolls
 c - a scroll of blinking
 k - a scroll of magic mapping
 n - a scroll of teleportation
 r - a scroll of immolation
Potions
 b - 3 potions of brilliance
 e - a potion of invisibility {unknown}
 m - a potion of degeneration {unknown}
 q - a potion of mutation {unknown}


   Skills:
 + Level 3.1 Fighting
 + Level 2.6 Polearms
 - Level 0.8 Throwing
 - Level 0.8 Armour
 + Level 2.6 Dodging
 + Level 2.8 Spellcasting
 + Level 3.4 Translocations
 + Level 1.6 Transmutations
 + Level 1.4 Air Magic


You had 4 spell levels left.
You knew the following spells:

 Your Spells              Type           Power      Damage    Failure   Level
a - Blink                 Tloc           N/A        N/A       9%          2
b - Teleport Other        Tloc           14%        N/A       17%         3

Your spell library contained the following spells:

 Spells                   Type           Power      Damage    Failure   Level
 Gell's Gravitas          Tloc           7%         N/A       17%         3
 Lesser Beckoning         Tloc           14%        N/A       17%         3
 Static Discharge         Conj/Air       4%         N/A       26%         2
 Manifold Assault         Tloc           14%        N/A       83%         5
 Storm Form               Tmut/Air       3%         N/A       100%        7
 Maxwell's Capacitive Co  Air            3%         ∞         100%        8


Dungeon Overview and Level Annotations

Branches:
Dungeon (5/15)
 Temple: D:4-7

Altars:
Qazlal
Zin
The Shining One

Annotations:
D:4 Dowan, Duvessa


Innate Abilities, Weirdness & Mutations

You have sharp toenails.
A weak demonic guardian rushes to your aid.
You have an unusually large brain. (Int +2)


Message History

The orc wizard hits you but does no damage.
You hit the orc wizard.
You claw the orc wizard, but do no damage.
The orc wizard is severely wounded.
You closely miss the orc wizard. Your kick misses the orc wizard.
The orc wizard is severely wounded.
The orc wizard hits you with a +0 dagger.
You hit the orc wizard. You claw the orc wizard.
You kill the orc wizard!
Things that are here:
a +0 dagger; a +0 robe
Things that are here:
a +0 dagger; a +0 robe
There is a stone staircase leading down here.
Things that are here:
a +0 ring mail; a +0 club You start resting.
HP restored.
You climb downwards.
Level annotation: Dowan, Duvessa The ogre hits you with a +0 giant club!
The ogre misses you.
There is a stone staircase leading up, spattered with blood here.
You climb upwards.
There is a stone staircase leading down here.
Things that are here:
a +0 ring mail; a +0 club
Casting: Teleport Other (quite dangerous; 17% risk of failure)
Confirm with . or Enter, or press ? or * to list all spells.
Okay, then.
You hit the ogre.
The ogre is lightly wounded.
The ogre barely misses you.
You barely miss the ogre.
The ogre is lightly wounded.
The ogre hits you with a +0 giant club!
You hit the ogre.
The ogre is moderately wounded.
The ogre hits you with a +0 giant club!!
Ouch! That really hurt!
You die...

........## #####...............
......#..# #.#.............
......##.##### #.#....####.....
####.<.......# ##.....###.#.....
#........)####...#..#♣._##....
#.........##........'...8#.##.
#.........##........#♣._##....
####....)....#..O......###.#.....
.............#..@.......####....#
####....)....#..[................
#####........#................###
.................................
#######......................##.#
............###.....>....##.#...#
#####........#.....<..........###
# ##....##.#.##.......###.### #
#....##.#.##........##.#####


You could see an ogre.

Vanquished Creatures
  A hound (D:4)
  A jelly (D:4)
  2 iguanas (D:4)
  An orc wizard (D:3)
  3 adders
  2 white imps
  5 dart slugs
  3 orcs (D:3)
  2 bats (D:3)
  7 endoplasms
  2 giant cockroaches
  3 goblins
  9 hobgoblins
  5 jackals
  6 ball pythons
  5 frilled lizards
  3 kobolds
  5 rats
65 creatures vanquished.

Notes
Turn   | Place    | Note
-------+----------+-------------------------------------------
     0 | D:1      | Shayle the Demonspawn Warper began the quest for the Orb.
     0 | D:1      | Reached XP level 1. HP: 16/16 MP: 3/3
    35 | D:1      | Got the Reference Book on Flight
   389 | D:1      | Found a faded altar of an unknown god.
   488 | D:1      | Gained mutation: You have sharp toenails. [demonic
                  | ancestry]
   488 | D:1      | Reached XP level 2. HP: 22/22 MP: 5/5
  1125 | D:2      | Gained mutation: You have an unusually large brain. (Int
                  | +2) [demonic ancestry]
  1125 | D:2      | Reached XP level 3. HP: 25/27 MP: 6/6
  1735 | D:2      | Learned a level 2 spell: Blink
  1739 | D:2      | Learned a level 3 spell: Teleport Other
  2265 | D:3      | Found a stormy altar of Qazlal.
  2325 | D:3      | Reached XP level 4. HP: 34/34 MP: 7/7
  3143 | D:4      | Reached skill level 1 in Transmutations
  3143 | D:4      | Reached skill level 1 in Air Magic
  3160 | D:4      | Gained mutation: A weak demonic guardian rushes to your
                  | aid. [demonic ancestry]
  3160 | D:4      | Reached XP level 5. HP: 33/40 MP: 8/8
  3216 | D:4      | Noticed Duvessa
  3217 | D:4      | Noticed Dowan
  3221 | D:5      | Entered Level 5 of the Dungeon
  3424 | D:4      | Noticed an ogre
  3777 | D:3      | Slain by an ogre

Illustrated notes

Levels and vault maps discovered:
D:1:      minmay_arrival_three_doors, layout_basic,
          dreamdust_ecumenical_altar_statues
D:2:      layout_basic
D:3:      layout_rooms, gammafunk_temple_overflow_statue, marbit_many_paths,
          serial_co_window_serial, co_window_paths_a, co_window_corner_a,
          co_window_paths_a, co_window_cross_1, co_window_paths_a,
          co_window_2corner, co_window_of_opportunity_c, co_window_broadway_a,
          co_window_broadway_c, co_window_paths_d, glass_columns_a
D:4:      layout_loops_ring, uniq_robin, uniq_duvessa, uniq_ijyb
D:5:      layout_loops_corners, nicolae_gozag_zags_fifth_avenue,
          chequers_temple_overflow_minitemple

Skill      XL: |  1  2  3  4  5 |
---------------+----------------+-----
Polearms       | 2 |  2.6
Dodging        | 2 |  2.6
Translocations | 3 |  3.4
Transmutations | 1 |  1.6
Air Magic      | 1 |  1.4
Fighting       | 3 |  3.1
Throwing       | |  0.8
Armour         | |  0.8
Spellcasting   | |  2.8

Action                   |  1- 3 |  4- 6 || total
-------------------------+-------+-------++-------
Melee: Spear             |   144 |   116 ||   260
       Kick              |    17 |    33 ||    50
 Cast: Teleport Other    |       |     1 ||     1
  Use: Scroll            |     2 |     3 ||     5
Armor: Leather armour    |    44 |    27 ||    71
Dodge: Dodged            |    67 |    88 ||   155

Table legend: (Time is in decaauts)
 A = Elapsed time spent in this place.
 B = Non-inter-level travel time spent in this place.
 C = Inter-level travel time spent in this place.
 D = Time resting spent in this place.
 E = Time spent auto-exploring this place.
 F = Levels seen in this place.
 G = Mean time per level.
                   A        B        C        D        E       F      G
               +--------+--------+--------+--------+--------+-----+--------+
         Total |   3777 |   3639 |    138 |    179 |   2541 |   5 |  755.4 |
       Dungeon |   3777 |   3639 |    138 |    179 |   2541 |   5 |  755.4 |
               +--------+--------+--------+--------+--------+-----+--------+

Top non-repeatable levels by time:
     D:3: 1264 daAuts
     D:2: 1051 daAuts
     D:1: 934 daAuts
     D:4: 487 daAuts
     D:5: 38 daAuts
